 Dungeon Crawl Stone Soup version 0.21-a0-201-g8501b10 (webtiles) character file.

81 mrbenn the Magician (level 4, -9/24 HPs)
             Began as a Deep Elf Wizard on Aug 18, 2017.
             Mangled by Syneil's ghost (20 damage)
             ... on level 3 of the Dungeon.
             The game lasted 00:04:35 (2591 turns).

mrbenn the Magician (Deep Elf Wizard)               Turns: 2591, Time: 00:04:36

Health: -9/24      AC:  4    Str:  4    XL:     4   Next: 20%
Magic:  0/13       EV: 18    Int: 24    God:
Gold:   149        SH:  0    Dex: 18    Spells: 2/13 levels left

rFire    + . .     SeeInvis .   h - +0 short sword
rCold    + . .     Gourm    .   (no shield)
rNeg     . . .     Faith    .   a - +0 robe
rPois    +         Spirit   .   b - +1 hat
rElec    +         Reflect  .   (no cloak)
rCorr    +         Harm     .   l - +0 pair of gloves
MR       .....                  (no boots)
Stlth    +++.......             (no amulet)
HPRegen  0.08/turn              (no ring)
MPRegen  0.13/turn              (no ring)

@: agile, resistant, very slightly contaminated
A: no striking features
a: no special abilities


You were on level 3 of the Dungeon.
You were not hungry.

You visited 1 branch of the dungeon, and saw 3 of its levels.

You collected 149 gold pieces.

Inventory:

Hand Weapons
 h - a +0 short sword (weapon)
 t - a +0 falchion
Missiles
 g - 8 javelins (quivered)
Armour
 a - a +0 robe (worn)
 b - a +1 hat (worn)
 l - a +0 pair of gloves (worn)
Scrolls
 i - a scroll of fear
 j - a scroll of teleportation
 m - a scroll of blinking
 n - a scroll of remove curse
Potions
 e - 2 potions of resistance
 k - a potion of agility
 p - 2 potions of curing {unknown}
 s - a potion of might {unknown}
Books
 c - a book of Minor Magic

   Spells                             Type                      Level
   a - Magic Dart                     Conjuration                  1
   b - Blink                          Translocation                2
   c - Call Imp                       Summoning                    2
   d - Slow                           Hexes                        2
   e - Conjure Flame                  Conjuration/Fire             3
   f - Mephitic Cloud                 Conjuration/Poison/Air       3
Comestibles
 d - 3 bread rations
 f - 3 royal jellies


   Skills:
 - Level 2.4 Dodging
 - Level 2.4 Stealth
 + Level 5.4 Spellcasting
 * Level 3.6 Conjurations
 - Level 1.1 Summonings
 - Level 1.1 Translocations


You had 2 spell levels left.
You knew the following spells:

 Your Spells              Type           Power        Failure   Level  Hunger
a - Magic Dart            Conj           ###.         1%          1    None
b - Call Imp              Summ           ##......     9%          2    None
c - Mephitic Cloud        Conj/Pois/Air  ##......     16%         3    #......
d - Conjure Flame         Conj/Fire      ###.....     12%         3    #......
e - Blink                 Tloc           N/A          9%          2    None


Dungeon Overview and Level Annotations

Branches:
Dungeon (3/15)

Altars:
Ashenzari
Fedhas
Qazlal
Ru

Annotations:
D:3 Syneil's ghost, amateur MiFi


Message History

Syneil's ghost hits you!
Ouch! That really hurt!
Unknown command.
It was a potion of resistance.
You feel protected. Syneil's ghost closely misses you.
It was a potion of agility.
You feel agile all of a sudden. Syneil's ghost closely misses you.
Syneil's ghost shouts, "You will join me soon!"
Casting: Magic Dart
Confirm with . or Enter, or press ? or * to list all spells.
Aiming: Magic Dart
Press: ? - help, Shift-Dir - straight line, f/p - Syneil's ghost
Aim: Syneil's ghost (almost destroyed)
The magic dart hits Syneil's ghost.
Syneil's ghost is almost destroyed.
Syneil's ghost hits you!!
Ouch! That really hurt!
You die...

#.#.# ....#
#.#.# #.#.#
###.#.####
#........
#.....######.#
#..@W........#
#.<..(########
#.........
#............
#.##(#.###.$..
... #.... ....
### ###.## ...
#.# ..


You could see Syneil's ghost.

Vanquished Creatures
  2 adders (D:2)
  2 oozes (D:2)
  A leopard gecko (D:1)
  2 ball pythons (D:1)
  2 giant cockroaches (D:2)
  4 hobgoblins
  2 jackals (D:2)
  6 bats
  2 frilled lizards (D:1)
  12 goblins
  5 kobolds
  7 rats
47 creatures vanquished.

Vanquished Creatures (collateral kills)
  An adder (D:2)
  A rat (D:2)
2 creatures vanquished.

Grand Total: 49 creatures vanquished

Notes
Turn   | Place    | Note
-------+----------+-------------------------------------------
     0 | D:1      | mrbenn the Deep Elf Wizard began the quest for the Orb.
     0 | D:1      | Reached XP level 1. HP: 10/10 MP: 7/7
   386 | D:1      | Reached XP level 2. HP: 15/15 MP: 6/9
   415 | D:1      | Learned a level 2 spell: Call Imp
   687 | D:1      | Found a shattered altar of Ashenzari.
  1096 | D:1      | Reached skill level 5 in Spellcasting
  1352 | D:1      | Reached XP level 3. HP: 19/19 MP: 7/11
  1357 | D:1      | Learned a level 3 spell: Mephitic Cloud
  1361 | D:1      | Learned a level 3 spell: Conjure Flame
  1364 | D:1      | Learned a level 2 spell: Blink
  1796 | D:2      | Found a blossoming altar of Fedhas.
  1798 | D:2      | Found a sacrificial altar of Ru.
  1800 | D:2      | Found a stormy altar of Qazlal.
  1989 | D:2      | Reached XP level 4. HP: 24/24 MP: 7/13
  2574 | D:3      | Noticed Syneil's ghost (amateur MiFi)
  2591 | D:3      | Mangled by Syneil's ghost

Vault maps used:
D:1:      dpeg_arrival_subterranean_lakeside_camping,
          nicolae_ashenzari_panopticon
D:2:      nicolae_overflow_hidden_temple, first_bread
D:3:      overflow_temple_1_default, chequers_ecumenical_altar_simple

Skill      XL: |  1  2  3 |
---------------+----------+-----
Conjurations   | 2 3 |  3.6
Spellcasting   | 5 |  5.4
Dodging        | |  2.4
Stealth        | |  2.4
Summonings     | |  1.1
Translocations | |  1.1

Action                   |  1- 3 |  4- 6 || total
-------------------------+-------+-------++-------
 Cast: Magic Dart        |    87 |    22 ||   109
       Call Imp          |     3 |       ||     3
       Conjure Flame     |     1 |     2 ||     3
  Use: Scroll            |       |     7 ||     7
       Potion            |       |     2 ||     2
  Eat: Chunk             |     3 |     2 ||     5
Armor: Robe              |     5 |     2 ||     7
Dodge: Dodged            |    13 |     4 ||    17
